 Dungeon Crawl Stone Soup version 0.30.0-3-ga4e48a9924 (webtiles) character file.

Game seed: 7849316214333088771

5891 Sabo the Cruncher (level 10, 0/53 HPs)
             Began as a Vine Stalker Fighter on May 7, 2023.
             Was a Follower of Makhleb.
             Killed by mirror damage (1 damage)
             ... on level 8 of the Dungeon on May 8, 2023.
             The game lasted 00:47:34 (7684 turns).

Sabo the Cruncher (Vine Stalker Fighter)            Turns: 7684, Time: 00:47:34

Health: 0/53       AC: 10    Str: 22    XL:     10   Next: 82%
Magic:  0/29       EV: 13    Int:  8    God:    Makhleb [*.....]
Gold:   448        SH:  0    Dex: 20    Spells: 9/9 levels left

rFire   + . .        G - +9 battleaxe of Ruus {venom, Dex+5}
rCold   . . .        (shield currently unavailable)
rNeg    . . .        a - +0 acid dragon scales
rPois   +            (no helmet)
rElec   .            (no cloak)
rCorr   +            e - +0 pair of gloves
SInv    +            p - +0 pair of boots
Will    +....        y - amulet of regeneration
Stlth   +++          s - ring of magical power
HPRegen 1.88/turn    F - ring of Minoke {rPois rF+ MP+9 SInv}
MPRegen 0.21/turn

%: guardian spirit
@: no status effects
A: fangs 3, regeneration 1, magic shield, antimagic bite, no potion heal 2
a: Renounce Religion


You were on level 8 of the Dungeon.
You worshipped Makhleb.
Makhleb was aware of your devotion.
You visited 2 branches of the dungeon, and saw 9 of its levels.

You collected 476 gold pieces.
You spent 28 gold pieces at shops.

Inventory:

Hand Weapons
 b - a +2 war axe of freezing
 h - the +9 shortbow "Arcanum" {flame, rPois Str+3}
   (You acquired it on level 2 of the Dungeon)

   Str:       It affects your strength (+3).
   rPois:     It protects you from poison.
 z - the +7 staff of the Meek {protect, meekguard}
   (You took it off an orc on level 4 of the Dungeon)
 G - the +9 battleaxe of Ruus (weapon) {venom, Dex+5}
   (You found it on level 8 of the Dungeon)

   Dex:       It affects your dexterity (+5).
Missiles
 j - 4 javelins
 k - 10 boomerangs (quivered)
 l - 15 poisoned darts
 n - a throwing net
 x - 3 silver boomerangs
Armour
 a - +0 acid dragon scales (worn)
 c - a +0 buckler
 e - a +0 pair of gloves (worn)
 p - a +0 pair of boots (worn)
Jewellery
 s - a ring of magical power (left hand)
 y - an amulet of regeneration (around neck)
 F - a ring of Minoke (right hand) {rPois rF+ MP+9 SInv}
   (You found it on level 8 of the Dungeon)

   [ring of poison resistance]

   rF:        It protects you from fire.
   rPois:     It protects you from poison.
   MP:        It affects your magic capacity (+9).
   SInv:      It lets you see invisible.
Wands
 r - a wand of acid (15)
 A - a wand of polymorph (10)
 D - a wand of flame (19)
 E - a wand of charming (11)
Scrolls
 f - 2 scrolls of fear
 g - 2 scrolls of fog
 i - 3 scrolls of poison
 m - a scroll of magic mapping
 o - 2 scrolls of enchant weapon
 v - 3 scrolls of blinking
 w - 2 scrolls of noise {unknown}
 C - 3 scrolls of teleportation
Potions
 d - 2 potions of might
 q - 2 potions of mutation {unknown}
 t - a potion of ambrosia {unknown}
 u - a potion of magic {unknown}
 B - 3 potions of curing {unknown}


   Skills:
 + Level 6.5 Fighting
 + Level 3.1 Axes
 + Level 9.2 Staves
 + Level 4.5 Ranged Weapons
 + Level 6.1 Armour
 + Level 3.1 Dodging
 + Level 3.8 Stealth
 + Level 3.1 Shields


You had 9 spell levels left.
You didn't know any spells.
Your spell library contained the following spells:

 Spells                   Type           Power      Damage    Failure   Level
 Beastly Appendage        Tmut           0%         N/A       47%         1
 Ensorcelled Hibernation  Hex/Ice        0%         N/A       63%         2
 Lesser Beckoning         Tloc           0%         N/A       63%         2
 Passwall                 Tmut/Erth      0%         N/A       63%         2
 Wereblood                Tmut           0%         N/A       63%         2
 Gell's Gravitas          Tloc           0%         N/A       85%         3
 Hailstorm                Conj/Ice       0%         3d3       85%         3
 Inner Flame              Hex/Fire       0%         N/A       85%         3
 Spider Form              Tmut/Pois      0%         N/A       85%         3
 Swiftness                Air            0%         N/A       85%         3
 Teleport Other           Tloc           0%         N/A       85%         3
 Ice Form                 Ice/Tmut       0%         N/A       99%         4
 Yara's Violent Unravell  Hex/Tmut       0%         3d3       100%        5
 Simulacrum               Ice/Necr       0%         N/A       100%        6
 Enfeeble                 Hex            0%         N/A       100%        7


Dungeon Overview and Level Annotations

Branches:
Dungeon (8/15)             Temple (1/1) D:6
   Lair: D:8-11

Altars:
Ashenzari
Cheibriados
Elyvilon
Fedhas
Hepliaklqana
Kikubaaqudgha
Makhleb
Ru
Uskayaw
Wu Jian
Yredelemnul
Zin

Shops:
D:1 ?   D:4 (

Annotations:
D:8 2 runed translucent doors


Innate Abilities, Weirdness & Mutations

You have razor-sharp teeth.
Your natural rate of healing is unusually fast.
When hurt, damage is shared between your health and your magic reserves.
Your bite disrupts and absorbs the magic of your enemies.
Potions cannot restore your health.


Message History

You drain its power.
The yak is almost dead.
The yak gores you! x2
You completely miss the yak. Your bite misses the yak.
The yak is almost dead.
You kill the yak!
Makhleb accepts your kill.
The wyvern hisses menacingly.
The centaur warrior wields a +0 longbow.
The centaur warrior shoots an arrow.
The arrow hits you!
The howler monkey howls!
You slash the death knight!
The death knight looks as sick as possible!
The death knight is lightly wounded.
The howler monkey hoots and howls with incredible vigour!
The death knight barely misses you.
The death knight offers itself to Yredelemnul, and fills with unholy energy.
You hear a roar!
You slash the death knight!
The death knight looks as sick as possible!
The death knight is moderately wounded.
The death knight reflects your damage back at you! x2
The death knight hits you with a +0 broad axe!!
The death knight hits you with a +0 broad axe.
* * * LOW HITPOINT WARNING * * *
You slash the death knight!
The death knight looks as sick as possible!
You bite the death knight. You drain its power.
You feel invigorated.
The death knight is heavily wounded.
The death knight reflects your damage back at you!
* * * LOW HITPOINT WARNING * * *
The death knight reflects your damage back at you!
The death knight hits you with a +0 broad axe!
* * * LOW HITPOINT WARNING * * *
You hit the death knight.
The death knight looks as sick as possible!
Your bite misses the death knight.
The death knight is severely wounded.
The death knight reflects your damage back at you!
You die...

##.# #.. #.# ##. #.. #.#
#####h## #.. #.# #####+## #..
#.# ####...o## #.# #.#
...+.ooh## #####.# #.####
##.lcc## ###..##.#
#....#######p## ###....##.#
#......## #@## ###......##.#
##........####.###........##.#
##.......#...###...........##.#
##...<....(.....####........##.#
#.>.......##.......###......##.#
#.........##.........###....##..
#.........##......<....###..##.#
#.........##....[.####...###.#.#
#............#...## ###.......#


You could see a death knight (reflects damage, extremely poisoned), 2 centaur
warriors, 2 orc warriors, a wyvern, 2 howler monkeys and an orc.

Vanquished Creatures
  A two-headed ogre (D:8)
  Pikel (D:8)
  An ugly thing (D:8)
  Maggie (D:6)
  Sigmund (D:6)
  6 yaks (D:8)
  A steam dragon (D:7)
  An acid dragon (D:8)
  3 water moccasins
  Duvessa (D:6)
  3 ice beasts
  6 orc warriors
  A centaur (D:6)
  2 ogres
  2 lemures (D:8)
  A phantom (D:5)
  2 kobold brigands
  2 bullfrogs
  2 scorpions
  Dowan (D:6)
  3 hounds
  2 jellies
  6 orc priests
  2 gnoll boudas
  A sleepcap (D:5)
  7 orc wizards
  3 iguanas
  7 gnolls
  7 adders
  2 white imps
  3 ufetubi
  2 dart slugs
  43 orcs
  5 bats
  A bat skeleton (D:2)
  A bat zombie (D:2)
  5 endoplasms
  4 giant cockroaches
  9 goblins
  10 hobgoblins
  2 jackals (D:3)
  6 quokkas
  7 ball pythons
  4 ball python zombies (D:2)
  3 frilled lizards
  A jackal zombie (D:2)
  10 kobolds
  A quokka zombie (D:2)
  4 rats
200 creatures vanquished.

Notes
Turn   | Place    | Note
-------+----------+-------------------------------------------
     0 | D:1      | Sabo the Vine Stalker Fighter began the quest for the Orb.
     0 | D:1      | Reached XP level 1. HP: 11/11 MP: 2/2
    58 | D:1      | Found Inubics's Magic Scroll Shop.
    70 | D:1      | Reached XP level 2. HP: 16/16 MP: 1/3
   338 | D:1      | Reached XP level 3. HP: 19/19 MP: 4/4
   865 | D:1      | Bought a scroll of identify for 28 gold pieces
   931 | D:2      | Found a white marble altar of Elyvilon.
  1108 | D:2      | Identified a scroll of acquirement
  1109 | D:2      | Acquired the +9 shortbow "Arcanum" {flame, rPois Str+3}
  1260 | D:2      | Gained mutation: Your natural rate of healing is unusually
                  | fast. [Vine Stalker growth]
  1260 | D:2      | Reached XP level 4. HP: 24/24 MP: 3/5
  1605 | D:2      | Found a faded altar of an unknown god.
  1933 | D:3      | Reached skill level 1 in Ranged Weapons
  2118 | D:3      | Reached XP level 5. HP: 26/28 MP: 2/6
  2888 | D:4      | Found Maisch's Weapon Shop.
  2892 | D:4      | Noticed an orc warrior
  2901 | D:4      | Killed an orc warrior
  2902 | D:4      | Reached XP level 6. HP: 9/33 MP: 1/7
  3841 | D:5      | Entered Level 5 of the Dungeon
  3843 | D:5      | Noticed an ice beast
  3849 | D:4      | Reached XP level 7. HP: 32/37 MP: 6/8
  4320 | D:5      | Reached skill level 1 in Staves
  4540 | D:5      | Found a basalt altar of Yredelemnul.
  4545 | D:5      | Reached skill level 1 in Stealth
  4672 | D:5      | Reached skill level 1 in Dodging
  4672 | D:5      | Gained mutation: You have razor-sharp teeth. [Vine Stalker
                  | growth]
  4672 | D:5      | Reached XP level 8. HP: 29/42 MP: 9/9
  5369 | D:6      | Noticed Maggie
  5385 | D:6      | Killed Maggie
  5386 | D:6      | Reached skill level 2 in Staves
  5389 | D:6      | Reached skill level 3 in Staves
  5564 | D:6      | Reached skill level 4 in Staves
  5768 | D:6      | Reached skill level 5 in Armour
  5772 | D:6      | Reached XP level 9. HP: 27/46 MP: 10/10
  5773 | D:6      | Reached skill level 5 in Fighting
  5836 | D:6      | Noticed Duvessa
  5836 | D:6      | Noticed Dowan
  5843 | D:6      | Killed Duvessa
  5844 | D:6      | Killed Dowan
  5845 | D:6      | Reached skill level 5 in Staves
  5991 | D:6      | Found a staircase to the Ecumenical Temple.
  5992 | D:6      | Noticed Sigmund
  6000 | D:6      | Killed Sigmund
  6040 | Temple   | Entered the Ecumenical Temple
  6068 | Temple   | Became a worshipper of Makhleb the Destroyer
  6476 | D:7      | Reached skill level 6 in Staves
  6945 | D:8      | Reached * piety under Makhleb
  6977 | D:8      | Reached skill level 7 in Staves
  6985 | D:8      | Reached XP level 10. HP: 53/53 MP: 11/11
  7247 | D:8      | Noticed Pikel
  7259 | D:8      | Killed Pikel
  7490 | D:8      | Reached skill level 8 in Staves
  7546 | D:8      | Identified a ring of Minoke {rPois rF+ MP+9 SInv}
  7605 | D:8      | Identified the +9 battleaxe of Ruus {venom, Dex+5}
  7661 | D:8      | Found a runed translucent door.
  7661 | D:8      | Noticed a centaur warrior
  7662 | D:8      | Found a runed translucent door.
  7662 | D:8      | Noticed a centaur warrior
  7662 | D:8      | Noticed a death knight
  7662 | D:8      | Noticed a two-headed ogre
  7663 | D:8      | Found a runed translucent door.
  7663 | D:8      | Noticed a red ugly thing
  7668 | D:8      | Killed a two-headed ogre
  7674 | D:8      | Killed a red ugly thing
  7675 | D:8      | Reached skill level 9 in Staves
  7683 | D:8      | HP: 1/53 [death knight/+0 broad axe (10)]
  7684 | D:8      | Killed by mirror damage

Illustrated notes

Levels and vault maps discovered:
D:1:      psy_arrival_spokes, layout_basic, serial_shops, shop,
          minmay_pentomino_x4
D:2:      layout_rooms, basic_altar, chequers_ecumenical_altar_simple_redux,
          serial_undead, serial_undead_f, serial_undead_a, serial_undead_b,
          serial_undead_d, skrybe_limestone_x
D:3:      layout_basic
D:4:      layout_layer_cave, serial_shops, nicolae_shop_waterfront
D:5:      layout_basic, overflow_temple_1_default
D:6:      layout_rooms, minmay_temple_entry_purple_smoke, item_on_display_a,
          uniq_maggie, uniq_sigmund, uniq_duvessa
D:7:      layout_cave_pools
D:8:      minmay_the_grid_triangle_9x9_rhombus_full
          [minmay_the_grid_triangle_9x9_fully_insulated_deathbox,
          minmay_the_grid_triangle_9x9_sparse_checkered,
          minmay_the_grid_triangle_9x9_empty,
          minmay_the_grid_triangle_9x9_negative_grid,
          minmay_the_grid_triangle_9x9_minimal,
          minmay_the_grid_triangle_9x9_warning,
          minmay_the_grid_triangle_9x9_intruding_spiral,
          minmay_the_grid_triangle_9x9_prize_schism], layout_rooms, special_room
          [special_room_orc], uniq_pikel
Temple:   hellmonk_temple_rainy

Skill      XL: |  1  2  3  4  5  6  7  8  9 10 |
---------------+-------------------------------+-----
Shields        | 3 |  3.1
Axes           | 2 3 |  3.1
Fighting       | 3 4 5 6 |  6.5
Ranged Weapons | 1 3 4 |  4.5
Armour         | 3 4 5 6 |  6.1
Staves         | 1 4 7 9 |  9.2
Stealth        | 1 2 3 |  3.8
Dodging        | 1 2 3 |  3.1

Action                     |  1- 3 |  4- 6 |  7- 9 | 10-12 || total
---------------------------+-------+-------+-------+-------++-------
  Melee: War axe           |    54 |       |       |       ||    54
         Bite              |     7 |     1 |    65 |    32 ||   105
         Short sword       |    13 |       |       |       ||    13
         Quarterstaff      |       |     5 |   225 |    69 ||   299
         Battleaxe         |       |       |       |    19 ||    19
   Fire: Shortbow          |    18 |    93 |       |       ||   111
    Use: Scroll            |     5 |     2 |     4 |     1 ||    12
         Potion            |       |       |     3 |       ||     3
   Stab: Sleeping          |       |       |     1 |       ||     1
 Armour: Scale mail        |    55 |    45 |    90 |       ||   190
         Ring mail         |       |       |    73 |       ||    73
         Acid dragon scale |       |       |    12 |    28 ||    40
  Dodge: Dodged            |    55 |    43 |   152 |    35 ||   285
  Block: Buckler           |     9 |       |       |       ||     9
